 Dungeon Crawl Stone Soup version 0.21.1-1-g345015f (webtiles) character file.

116 fjord the Skirmisher (level 4, -2/40 HPs)
             Began as a Draconian Fighter on June 13, 2018.
             Slain by a gnoll
             ... wielding a +0 flail
              (4 damage)
             ... on level 3 of the Dungeon.
             The game lasted 00:05:20 (1501 turns).

fjord the Skirmisher (Draconian Fighter)            Turns: 1501, Time: 00:05:21

Health: -2/40      AC:  5    Str: 20    XL:     4   Next: 69%
Magic:  4/4        EV: 10    Int:  8    God:
Gold:   86         SH:  9    Dex: 10    Spells: 3/3 levels left

rFire    . . .     SeeInvis .   a - +1 long sword
rCold    . . .     Gourm    .   b - +0 shield
rNeg     . . .     Faith    +   (armour unavailable)
rPois    .         Spirit   .   (helmet restricted)
rElec    .         Reflect  .   (no cloak)
rCorr    .         Harm     .   (no gloves)
MR       .....                  (no boots)
Stlth    +.........             l - amulet of faith
HPRegen  0.13/turn              (no ring)
MPRegen  0.09/turn              (no ring)

@: no status effects
A: unfitting armour, cold-blooded, AC +5
a: no special abilities


You were on level 3 of the Dungeon.
You were not hungry.

You visited 1 branch of the dungeon, and saw 3 of its levels.

You collected 86 gold pieces.

Inventory:

Hand Weapons
 a - a +1 long sword (weapon)
Armour
 b - a +0 shield (worn)
Jewellery
 l - an amulet of faith (around neck)
Potions
 c - a potion of might
 f - 2 potions of degeneration
 g - 2 potions of agility
 h - a potion of magic {unknown}
 k - a potion of invisibility {unknown}
Comestibles
 d - 5 rations
 n - 8 chunks of flesh


   Skills:
 * Level 4.1 Fighting
 * Level 3.3 Long Blades
 - Level 2.6 Dodging
 + Level 0.4 Stealth
 * Level 4.0 Shields


You had 3 spell levels left.
You didn't know any spells.

Dungeon Overview and Level Annotations

Branches:
Dungeon (3/15)

Altars:
Okawaru
The Shining One


Innate Abilities, Weirdness & Mutations

Your plain brown scales are hard. (AC +5)
You cannot fit into any form of body armour.
You are cold-blooded and may be slowed by cold attacks.


Message History

It is a scroll of enchant weapon.
Your +0 long sword glows red for a moment.
The gnoll hits you with a flail.
The gnoll throws a stone.
The stone hits you.
As you read the scroll labeled ASYIC ETUCWODD, it crumbles to dust.
You assume a fearsome visage.
The gnoll looks frightened!
The gnoll resists with some effort.
The gnoll looks frightened!
It was a scroll of fear.
The gnoll barely misses you.
Unknown command.
You struggle against the net.
The gnoll barely misses you.
You struggle against the net.
The gnoll hits you with a flail.
* * * LOW HITPOINT WARNING * * *
You struggle against the net.
The gnoll hits you with a flail!
* * * LOW HITPOINT WARNING * * *
As you read the scroll of immolation, it crumbles to dust.
The creatures around you are filled with an inner flame!
You rip the net and break free!
You block the gnoll's attack.
You hit the gnoll.
The gnoll is heavily wounded.
The gnoll hits you with a flail.
You die...

#.# ##.. ..##.. #..#
...#.. #..# ......
######..######.#..
#^............... #####
#..............# #...#
#...<...#g.....#
#.#.###.......#@##.#.#
#.#...........#....#
#####.......#####...#
####.......# #§§§#
#.........## #§§§# .
#....##...# #§§§#
.##.....#...######...#
......_.......§§...??.
#...#.....##..§§§.$.).§


You could see a gnoll (inner flame).

Vanquished Creatures
  The ghost of n0claF the Skirmisher, an amateur DsBe of Trog (D:3)
  3 adders
  2 oozes (D:3)
  A worm (D:2)
  A dart slug (D:1)
  3 orcs (D:3)
  2 ball pythons
  3 giant cockroaches
  9 goblins
  7 hobgoblins
  5 jackals
  7 bats
  2 frilled lizards (D:1)
  5 kobolds
  7 rats
58 creatures vanquished.

Vanquished Creatures (others)
  An ooze (D:3)
  A goblin (D:3)
2 creatures vanquished.

Grand Total: 60 creatures vanquished

Notes
Turn   | Place    | Note
-------+----------+-------------------------------------------
     0 | D:1      | fjord the Draconian Fighter began the quest for the Orb.
     0 | D:1      | Reached XP level 1. HP: 19/19 MP: 1/1
   398 | D:1      | Reached XP level 2. HP: 25/26 MP: 2/2
   587 | D:1      | Reached XP level 3. HP: 29/33 MP: 3/3
  1134 | D:2      | Found a glowing golden altar of the Shining One.
  1153 | D:3      | Reached XP level 4. HP: 34/40 MP: 4/4
  1328 | D:3      | Noticed n0claF's ghost (amateur DsBe)
  1334 | D:3      | Killed n0claF's ghost
  1362 | D:3      | Found an iron altar of Okawaru.
  1498 | D:3      | HP: 1/40 [gnoll/flail (8)]
  1501 | D:3      | Slain by a gnoll

Skill      XL: |  1  2  3  4 |
---------------+-------------+-----
Fighting       | 4 |  4.1
Long Blades    | 3 |  3.3
Shields        | 4 |  4.0
Dodging        | |  2.6
Stealth        | |  0.4

Action                   |  1- 3 |  4- 6 || total
-------------------------+-------+-------++-------
Melee: Long sword        |   128 |    33 ||   161
       Tailslap          |    16 |     2 ||    18
  Use: Scroll            |       |     5 ||     5
  Eat: Chunk             |       |     2 ||     2
Armor: Skin              |    67 |    12 ||    79
Dodge: Dodged            |    59 |    31 ||    90
Block: Shield            |    98 |    19 ||   117
       Rpst.: Long sword |    13 |    14 ||    27
